 Dungeon Crawl Stone Soup version 0.27-a0-773-gaaee5cf45b (webtiles) character file.

Game seed: 15745641903606620435

21 sleeves the Ducker (level 2, 0/24 HPs)
             Began as a Minotaur Arcane Marksman on Mar 25, 2021.
             Slain by a jackal (2 damage)
             ... on level 2 of the Dungeon.
             The game lasted 00:02:02 (1547 turns).

sleeves the Ducker (Minotaur Arcane Marksman)       Turns: 1547, Time: 00:02:02

Health: 0/24       AC:  2    Str: 14    XL:     2   Next: 65%
Magic:  2/2        EV: 12    Int: 10    God:
Gold:   35         SH:  0    Dex: 10    Spells: 2/3 levels left

rFire    . . .     SeeInvis .   h - +0 club
rCold    . . .     Faith    .   (no shield)
rNeg     . . .     Spirit   .   e - +0 robe
rPois    .         Reflect  .   (helmet restricted)
rElec    .         Harm     .   (no cloak)
rCorr    .         Rampage  .   (no gloves)
Will     .....                  (no boots)
Stlth    +.........             (no amulet)
HPRegen  0.08/turn              (no ring)
MPRegen  0.08/turn              (no ring)

@: no status effects
A: horns 2, retaliatory headbutt
a: no special abilities


You were on level 2 of the Dungeon.
You visited 1 branch of the dungeon, and saw 2 of its levels.

You collected 35 gold pieces.

Inventory:

Hand Weapons
 a - a +0 hand crossbow
 f - a +0 dagger
   (You took it off a kobold on level 1 of the Dungeon)
 h - a +0 club (weapon)
   (You found it on level 1 of the Dungeon)
Missiles
 d - 20 bolts
Armour
 e - a +0 robe (worn)
Potions
 b - a potion of heal wounds {unknown}
 c - a potion of attraction {unknown}
 g - a potion of flight {unknown}


   Skills:
 + Level 2.0 Fighting
 * Level 0.3 Maces & Flails
 + Level 2.5 Crossbows
 + Level 1.2 Armour
 + Level 2.5 Dodging
 - Level 1.0 Spellcasting
 - Level 2.0 Hexes


You had 2 spell levels left.
You knew the following spells:

 Your Spells              Type           Power      Damage    Failure   Level
a - Corona                Hex            4%         N/A       16%         1

Your spell library contained the following spells:

 Spells                   Type           Power      Damage    Failure   Level
 Slow                     Hex            4%         N/A       22%         2
 Inner Flame              Hex/Fire       2%         N/A       56%         3
 Portal Projectile        Hex/Tloc       4%         N/A       56%         3
 Cause Fear               Hex            2%         N/A       83%         4
 Leda's Liquefaction      Hex/Erth       1%         N/A       92%         4


Dungeon Overview and Level Annotations

Branches:
Dungeon (2/15)

Altars:

Shops:
D:1 :


Innate Abilities, Weirdness & Mutations

You have a pair of horns on your head.
You reflexively headbutt those who attack you in melee.


Message History

Welcome, sleeves the Minotaur Arcane Marksman.
Will you be the one to retrieve the fabulous Orb of Zot from the depths?
Press ? for a list of commands and other information.
Found a pink potion and 27 gold pieces.
Found a staircase leading out of the dungeon.
b - a pink potion You now have 10 gold pieces.
Found a leather armour.
You now have 27 gold pieces (gained 17).
Found a stone staircase leading down.
Found a stone staircase leading down.
A ball python comes into view.
A ball python is nearby!
You are now empty-handed.
You hit the ball python.
The ball python is heavily wounded.
The ball python barely misses you. The ball python grabs you.
The ball python constricts you. The ball python closely misses you.
You furiously retaliate!
You headbutt the ball python.
You kill the ball python!
No target in view!
Found a hunting sling.
Found a hunting sling.
An endoplasm comes into view.
The endoplasm quivers.
The endoplasm moves out of view.
An endoplasm is nearby!
No target in view!
No target in view!
No target in view!
An endoplasm is nearby!
You hit the endoplasm but do no damage. The endoplasm closely misses you.
You hit the endoplasm but do no damage. You headbutt the endoplasm.
You kill the endoplasm!
No target in view!
No target in view!
You open the door.
A quokka comes into view.
A quokka is nearby!
A quokka is nearby!
Found a dagger.
You hit the quokka.
The quokka is lightly wounded.
The quokka completely misses you.
You barely miss the quokka.
The quokka is lightly wounded.
The quokka bites you.
You closely miss the quokka. Your headbutt misses the quokka.
The quokka barely misses you.
A quokka is nearby!
A quokka is nearby!
You barely miss the quokka. The quokka misses you.
The quokka barely misses you. You furiously retaliate!
You headbutt the quokka. You hit the quokka. Your headbutt misses the quokka.
The quokka is moderately wounded.
The quokka bites you.
You closely miss the quokka.
The quokka is moderately wounded.
The quokka closely misses you. You furiously retaliate!
You headbutt the quokka!
You kill the quokka!
No target in view!
No target in view!
HP restored.
A goblin comes into view. It is wielding a +0 club.
Found 22 stones.
A goblin is nearby!
A goblin is nearby!
The goblin shouts!
The goblin hits you with a +0 club.
Found a dagger.
You miss the goblin. Your headbutt misses the goblin.
The goblin closely misses you.
You closely miss the goblin. Your headbutt misses the goblin.
The goblin closely misses you. You furiously retaliate!
You headbutt the goblin. You miss the goblin.
The goblin is moderately wounded.
The goblin barely misses you.
You barely miss the goblin. Your headbutt misses the goblin.
The goblin is moderately wounded.
The goblin misses you.
You miss the goblin.
The goblin is moderately wounded.
The goblin closely misses you.
You closely miss the goblin.
The goblin is moderately wounded.
The goblin barely misses you.
You hit the goblin. Your headbutt misses the goblin.
The goblin is heavily wounded.
The goblin hits you with a +0 club.
You closely miss the goblin. You headbutt the goblin.
You kill the goblin!
No target in view!
No target in view!
No target in view!
No target in view!
No target in view!
No target in view!
No target in view!
No target in view!
You see here a +0 club.
You open the door.
There is an open door here.
There is an open door here.
c - a fizzy brown potion A bat comes into view.
The bat hits you but does no damage.
A bat is nearby!
A bat is nearby!
You barely miss the bat. You headbutt the bat.
You kill the bat!
No target in view!
No target in view!
You see here a bat corpse.
An endoplasm comes into view.
An endoplasm is nearby!
An endoplasm is nearby!
An endoplasm is nearby!
A kobold comes into view. It is wielding a +0 dagger.
The endoplasm quivers.
The kobold shouts!
You hit the endoplasm.
The endoplasm is moderately wounded.
The endoplasm freezes you.
You are frozen.
You hit the endoplasm.
The endoplasm is almost dead.
The endoplasm hits you but does no damage.
You completely miss the endoplasm.
The endoplasm is almost dead.
The endoplasm freezes you.
You are frozen.
You hit the endoplasm.
You kill the endoplasm!
You barely miss the kobold. The kobold hits you but does no damage.
You hit the kobold.
The kobold is moderately wounded.
The kobold hits you with a +0 dagger.
You barely miss the kobold.
The kobold is moderately wounded.
The kobold closely misses you.
You closely miss the kobold.
The kobold is moderately wounded.
The kobold closely misses you. You furiously retaliate!
You headbutt the kobold. You hit the kobold but do no damage.
The kobold is severely wounded.
The kobold hits you with a +0 dagger.
You are too injured to fight recklessly!
You are too injured to fight recklessly!
You are too injured to fight recklessly!
You closely miss the kobold.
The kobold is severely wounded.
The kobold hits you with a +0 dagger.
* * * LOW HITPOINT WARNING * * *
You closely miss the kobold. You headbutt the kobold.
You kill the kobold!
You have reached level 2!
You start resting.
HP restored.
Things that are here:
a +0 dagger; a kobold corpse A quokka comes into view.
A quokka is nearby!
A quokka is nearby!
The quokka bites you but does no damage.
You closely miss the quokka. The quokka closely misses you.
The quokka barely misses you.
You closely miss the quokka. The quokka barely misses you.
You closely miss the quokka. You headbutt the quokka.
The quokka is almost dead.
The quokka closely misses you. You furiously retaliate!
You headbutt the quokka, but do no damage.
You barely miss the quokka. Your headbutt misses the quokka.
The quokka is almost dead.
The quokka bites you but does no damage.
You barely miss the quokka.
The quokka is almost dead.
The quokka barely misses you. You furiously retaliate!
You headbutt the quokka.
You kill the quokka!
No target in view!
No target in view!
No target in view!
An endoplasm comes into view.
An endoplasm is nearby!
An endoplasm is nearby!
The endoplasm quivers.
You hit the endoplasm but do no damage. The endoplasm hits you.
You barely miss the endoplasm.
The endoplasm hits you but does no damage.
You barely miss the endoplasm. The endoplasm closely misses you.
You furiously retaliate!
You headbutt the endoplasm. You hit the endoplasm but do no damage.
You headbutt the endoplasm.
You kill the endoplasm!
No target in view!
Things that are here:
a +0 dagger; a kobold skeleton
f - a +0 dagger
f - a +0 dagger (weapon)
A frilled lizard comes into view.
The frilled lizard hisses angrily.
A frilled lizard is nearby!
A frilled lizard is nearby!
A frilled lizard is nearby!
You hit the frilled lizard.
You kill the frilled lizard!
No target in view!
A ball python comes into view.
The ball python hisses angrily.
A ball python is nearby!
Found Ekhlotin's Book Emporium.
You hit the ball python.
You kill the ball python!
No target in view!
No target in view!
There is an entrance to Ekhlotin's Book Emporium here.
You can access your shopping list by pressing '$'.
You can access your shopping list by pressing '$'.
You open the door.
There is an open door here.
You see here a +0 hunting sling.
You see here a +0 hunting sling.
You see here a +0 hunting sling.
A bat comes into view.
A bat is nearby!
A bat is nearby!
A bat is nearby!
The bat hits you.
Found a stone staircase leading down.
A hobgoblin comes into view.
The hobgoblin shouts!
The bat barely misses you. The bat hits you.
There are monsters nearby!
You hit the bat.
The bat is heavily wounded.
The bat hits you but does no damage. x2
You closely miss the bat.
The bat is heavily wounded.
The bat closely misses you. The hobgoblin hits you.
You hit the hobgoblin.
The hobgoblin is moderately wounded.
The bat closely misses you. The hobgoblin hits you.
You closely miss the bat.
The bat is heavily wounded.
The bat hits you but does no damage. The hobgoblin barely misses you.
You closely miss the hobgoblin.
The hobgoblin is moderately wounded.
The bat barely misses you. The bat hits you but does no damage.
The hobgoblin hits you.
* * * LOW HITPOINT WARNING * * *
You are too injured to fight recklessly!
The bat barely misses you.
You hit the hobgoblin.
You kill the hobgoblin!
The bat misses you. The bat closely misses you. You furiously retaliate!
You headbutt the bat!
You kill the bat!
Your Armour skill increases to level 1!
You start resting.
HP restored.
You now have 35 gold pieces (gained 8).
A kobold comes into view. It is wielding a +0 short sword.
The kobold shouts!
A kobold is nearby!
A kobold is nearby!
A kobold is nearby!
You closely miss the kobold. You headbutt the kobold.
You kill the kobold!
No target in view!
No target in view!
You see here a +0 short sword.
Found a club.
You see here a +0 club.
A quokka comes into view.
A quokka is nearby!
The quokka bites you.
You hit the quokka. Your headbutt misses the quokka.
The quokka is severely wounded.
The quokka barely misses you. You furiously retaliate!
You headbutt the quokka, but do no damage.
You closely miss the quokka.
The quokka is severely wounded.
The quokka bites you.
You barely miss the quokka.
The quokka is heavily wounded.
The quokka bites you. x2
You are too injured to fight recklessly!
You are too injured to fight recklessly!
You hit the quokka. You headbutt the quokka.
You kill the quokka!
Key pressed, stopping explore.
g - a bubbling golden potion
There is a shaft here.
Found 21 arrows.
You see here 21 arrows.
There is a shaft here.
Partly explored, can't reach some places.
Search for what [? for help]? weap Search for what [Enter for "weap", or ? for help]? club You see here a +0 club.
h - a +0 club
h - a +0 club (weapon)
(D) Dungeon
Where to? (Enter - D:1 @ (x,y), ? - help)
There is a stone staircase leading down here.
You climb downwards.
There is a stone staircase leading up here.
A bat comes into view.
Found a stone staircase leading down.
A bat is nearby!
A bat is nearby!
No target in view!
No target in view!
The bat barely misses you.
A bat is nearby!
You hit the bat.
The bat is severely wounded.
The bat hits you. The bat hits you. The bat hits you but does no damage.
You hit the bat.
You kill the bat!
HP restored.
You see here a bat corpse.
A kobold comes into view. It is wielding a +0 short sword.
A jackal comes into view.
The kobold shouts!
The jackal barks!
You hear a bark! x2
A bat comes into view.
A jackal comes into view.
The jackal moves out of view.
The bat barely misses you. The bat closely misses you.
You barely miss the bat. Your headbutt misses the bat. The bat hits you.
A jackal comes into view.
The kobold throws a stone.
The stone closely misses you. The bat barely misses you.
The kobold throws a stone.
The stone barely misses you.
You closely miss the bat. The bat hits you. The bat closely misses you.
You furiously retaliate!
You headbutt the bat.
You kill the bat!
The kobold throws a stone.
The stone closely misses you.
You closely miss the jackal.
The jackal bites you but does no damage.
The kobold throws a stone.
The stone hits you but does no damage. The jackal barely misses you.
You barely miss the jackal. Your headbutt misses the jackal.
The jackal barely misses you. The jackal bites you.
The kobold throws a stone.
The stone barely misses you. The jackal bites you.
You hit the jackal.
The jackal is moderately wounded.
The jackal completely misses you.
The kobold throws a stone.
The stone hits you.
The jackal bites you but does no damage.
The jackal bites you.
The kobold throws a stone.
The stone barely misses you.
You barely miss the jackal.
The jackal is moderately wounded.
The jackal bites you. The jackal misses you.
The kobold throws a stone.
The stone barely misses you. The jackal bites you.
* * * LOW HITPOINT WARNING * * *
The jackal closely misses you. You furiously retaliate!
You headbutt the jackal!
You kill the jackal!
You are too injured to fight recklessly!
You see here a bat corpse.
The jackal bites you.
* * * LOW HITPOINT WARNING * * *
You closely miss the jackal. The jackal closely misses you.
You miss the jackal. The jackal barely misses you. You furiously retaliate!
You headbutt the jackal.
You kill the jackal!
The jackal bites you.
* * * LOW HITPOINT WARNING * * *
Your Fighting skill increases to level 2!
You hit the jackal but do no damage. The jackal completely misses you.
The jackal bites you.
* * * LOW HITPOINT WARNING * * *
You hit the jackal.
The jackal is severely wounded.
The jackal closely misses you. The jackal bites you.
* * * LOW HITPOINT WARNING * * *
You barely miss the jackal.
The jackal is severely wounded.
The jackal bites you.
* * * LOW HITPOINT WARNING * * *
The jackal bites you.
You die...

.# .# .########## ####
........... ...#
...######.# ....# .#.# #.#
....# .#.### #.# .....#
.....####.########+#.....#
>.....†.........@hK......+
.#.#.####.########.#.....
.#...####..........# ...
.........................
#....#############.######
#....# ..# #....########
..# #...........+ ..#
#....######## ...#


You could see a jackal and a kobold.

Vanquished Creatures
  2 ball pythons (D:1)
  3 endoplasms (D:1)
  A goblin (D:1)
  A hobgoblin (D:1)
  2 jackals (D:2)
  3 quokkas (D:1)
  4 bats
  A frilled lizard (D:1)
  2 kobolds (D:1)
19 creatures vanquished.

Notes
Turn   | Place    | Note
-------+----------+-------------------------------------------
     0 | D:1      | sleeves the Minotaur Arcane Marksman began the quest for
                  | the Orb.
     0 | D:1      | Reached XP level 1. HP: 16/16 MP: 1/1
   346 | D:1      | HP: 7/16 [kobold/+0 dagger (2)]
   348 | D:1      | Reached XP level 2. HP: 10/23 MP: 2/2
   592 | D:1      | Found Ekhlotin's Book Emporium.
   726 | D:1      | HP: 11/24 [hobgoblin (5)]
   729 | D:1      | Reached skill level 1 in Armour
  1540 | D:2      | HP: 12/24 [jackal (3)]
  1545 | D:2      | Reached skill level 2 in Fighting
  1545 | D:2      | HP: 5/24 [jackal (2)]
  1547 | D:2      | HP: 2/24 [jackal (1)]
  1547 | D:2      | Slain by a jackal

Illustrated notes

Levels and vault maps discovered:
D:1:      psy_arrival_dodecagon, layout_basic, serial_shops, shop,
          serial_forest, infiniplex_forest_lined_ring,
          infiniplex_forest_clump_large, infiniplex_forest_lined_2,
          infiniplex_forest_end_3, infiniplex_forest_straight_2,
          infiniplex_forest_end_1, infiniplex_forest_end_2,
          minmay_misc_feat_tower, minivault_26
D:2:      layout_basic

Skill      XL: |  1  2 |
---------------+-------+-----
Armour         | 1 |  1.2
Fighting       | 2 |  2.0
Maces & Flails | |  0.3
Crossbows      | |  2.5
Dodging        | |  2.5
Spellcasting   | |  1.0
Hexes          | |  2.0

Action                   || total
-------------------------++-------
Melee: Unarmed           ||    38
       Headbutt          ||     8
       Club              ||    13
       Dagger            ||    13
Armor: Robe              ||    14
Dodge: Dodged            ||    51

Table legend: (Time is in decaauts)
 A = Elapsed time spent in this place.
 B = Non-inter-level travel time spent in this place.
 C = Inter-level travel time spent in this place.
 D = Time resting spent in this place.
 E = Time spent auto-exploring this place.
 F = Levels seen in this place.
 G = Mean time per level.
                   A        B        C        D        E       F      G
               +--------+--------+--------+--------+--------+-----+--------+
         Total |   1548 |   1480 |     68 |    327 |   1021 |   2 |  774.0 |
       Dungeon |   1548 |   1480 |     68 |    327 |   1021 |   2 |  774.0 |
               +--------+--------+--------+--------+--------+-----+--------+

Top non-repeatable levels by time:
     D:1: 1419 daAuts
     D:2: 129 daAuts
